 Dungeon Crawl Stone Soup version 0.29-a0-380-gf50f0a9fbc (webtiles) character file.

Game seed: 2676335531057604217

406 Antichthon the Skirmisher (level 7, -7/55 HPs)
             Began as a Formicid Abyssal Knight on May 5, 2022.
             Was a Priest of Lugonu.
             Killed by divine providence
             ... invoked by an orc priest
              (9 damage)
             ... on level 4 of the Dungeon.
             The game lasted 00:07:26 (4395 turns).

Antichthon the Skirmisher (Formicid Abyssal Knight) Turns: 4395, Time: 00:07:27

Health: -7/55      AC:  8    Str: 16    XL:     7   Next: 12%
Magic:  9/9        EV: 10    Int:  9    God:    Lugonu [***...]
Gold:   114        SH:  4    Dex: 13    Spells: 6/6 levels left

rFire   + . .      SeeInvis +   a - +2 falchion
rCold   . . .      Faith    .   j - +0 buckler
rNeg    . . .      Spirit   .   l - +3 ring mail of Ihuopie {rF+ Str-2 SInv}
rPois   .          Reflect  .   (helmet unavailable)
rElec   .          Harm     .   (no cloak)
rCorr   .          Rampage  .   (no gloves)
Will    .....                   (no boots)
Stlth   +.........              e - amulet of the acrobat
HPRegen 0.18/turn               (no ring)
MPRegen 0.11/turn               (no ring)

@: no status effects
A: permanent stasis, dig shafts and tunnels, antennae 3, four strong arms
a: Dig, Shaft Self, Renounce Religion, Depart the Abyss, Bend Space, Banish


You were on level 4 of the Dungeon.
You worshipped Lugonu.
Lugonu was most pleased with you.
You visited 1 branch of the dungeon, and saw 4 of its levels.
You visited the Abyss 1 time.

You collected 279 gold pieces.
You spent 165 gold pieces at shops.

Inventory:

Hand Weapons
 a - a +2 falchion (weapon)
Armour
 j - a +0 buckler (worn)
 l - the +3 ring mail of Ihuopie (worn) {rF+ Str-2 SInv}
   (You found it on level 3 of the Dungeon)

   Str:       It affects your strength (-2).
   rF:        It protects you from fire.
   SInv:      It lets you see invisible.
Jewellery
 e - an amulet of the acrobat (around neck)
Wands
 h - a wand of iceblast (15)
Scrolls
 o - a scroll of immolation
 r - a scroll of amnesia
Potions
 c - 3 potions of attraction
 d - a potion of cancellation
 f - 2 potions of invisibility
 g - a potion of magic
 i - a potion of ambrosia {unknown}
 k - a potion of mutation {unknown}
 m - 2 potions of brilliance
 n - a potion of berserk rage {unknown}
 p - a potion of lignification
 q - a potion of flight


   Skills:
 * Level 4.3 Fighting
 * Level 4.0 Long Blades
 * Level 1.6 Crossbows
 * Level 3.3 Armour
 * Level 1.8 Dodging
 * Level 2.1 Stealth
 * Level 2.0 Shields
 * Level 3.0 Invocations
 * Level 1.6 Evocations


You had 6 spell levels left.
You didn't know any spells.
Your spell library contained the following spells:

 Spells                   Type           Power      Damage    Failure   Level
 Corpse Rot               Necr/Air       0%         N/A       80%         2
 Poisonous Vapours        Pois/Air       0%         N/A       80%         2


Dungeon Overview and Level Annotations

Branches:
Dungeon (4/15)
 Temple: D:4-7

Altars:
The Shining One

Shops:
D:3 !


Innate Abilities, Weirdness & Mutations

You cannot be hasted, slowed, berserked, paralysed or teleported.
You can dig through walls and to a lower floor.
You have a pair of large antennae on your head. (SInv)
Your four strong arms can wield two-handed weapons with a shield.


Message History

You block the orc wizard's attack.
You feel better.
The orc wizard hits you with a +0 dagger.
You slash the orc wizard!
You kill the orc wizard!
Lugonu accepts your kill.
Your Shields skill increases to level 2!
You hit the orc but do no damage. The orc hits you but does no damage.
You barely miss the orc. You block the orc's attack.
You hit the orc.
The orc is heavily wounded.
The orc hits you with a +0 hand axe.
You barely miss the orc.
The orc is heavily wounded.
The orc barely misses you.
You hit the orc but do no damage.
The orc is heavily wounded.
The orc hits you but does no damage.
You barely miss the orc.
The orc is heavily wounded.
The orc hits you but does no damage.
You hit the orc.
You kill the orc!
Lugonu accepts your kill.
Your Long Blades skill increases to level 4!
You hit the orc priest.
The orc priest is lightly wounded.
The orc priest hits you with a +0 short sword.
* * * LOW HITPOINT WARNING * * *
You closely miss the orc priest.
The orc priest is lightly wounded.
The orc priest hits you but does no damage.
The orc priest invokes the aid of Beogh against you.
Beogh smites you!
* * * LOW HITPOINT WARNING * * *
You barely miss the orc priest.
The orc priest is lightly wounded.
The orc priest mumbles some strange prayers to Beogh against you.
Beogh smites you!
You die...

### ..# . #.# #.# #.# # .
.... ###.### ### ##
#.#.... #.†...# ##.####.
..^....###.###.###.#.##..
#. #..@o.# #......#.##.
.. #####.###.###.†.....
#.#.#.#####.....#
##.#####
.......o......### ###
#.#...######### .....
####


You could see an orc priest.

Vanquished Creatures
  A hound (D:4)
  2 jellies
  An orc priest (D:4)
  Natasha (thrice) (D:3)
  An iguana (D:4)
  An orc wizard (D:4)
  3 gnolls (D:3)
  4 adders
  2 worms
  2 orcs (D:4)
  6 endoplasms
  A giant cockroach (D:3)
  11 goblins
  8 hobgoblins
  4 jackals (D:2)
  3 quokkas
  6 ball pythons
  7 bats
  2 frilled lizards (D:1)
  5 kobolds
  8 rats
81 creatures vanquished.

Vanquished Creatures (others)
  An orc wizard (D:4)
1 creature vanquished.

Grand Total: 82 creatures vanquished

Notes
Turn   | Place    | Note
-------+----------+-------------------------------------------
     0 | Abyss:1  | Antichthon the Formicid Abyssal Knight began the quest for
                  | the Orb.
     0 | Abyss:1  | Reached XP level 1. HP: 18/18 MP: 2/2
     0 | D:1      | Escaped the Abyss
    60 | D:1      | Found a faded altar of an unknown god.
   434 | D:1      | Reached XP level 2. HP: 22/24 MP: 3/3
   524 | D:1      | Reached ** piety under Lugonu
   531 | D:1      | Reached skill level 1 in Dodging
  1370 | D:2      | Reached XP level 3. HP: 30/30 MP: 4/4
  1971 | D:3      | Noticed Natasha
  1979 | D:3      | Killed Natasha
  1980 | D:3      | Reached skill level 1 in Shields
  1980 | D:3      | Reached XP level 4. HP: 31/37 MP: 5/5
  2135 | D:3      | Identified the +3 ring mail of Ihuopie {rF+ Str-2 SInv}
  2153 | D:3      | Reached skill level 1 in Stealth
  2157 | D:3      | Noticed Natasha
  2183 | D:3      | Killed Natasha
  2184 | D:3      | Reached skill level 1 in Crossbows
  2323 | D:3      | Noticed Natasha
  2336 | D:3      | Killed Natasha
  2337 | D:3      | Reached skill level 1 in Evocations
  2337 | D:3      | Reached XP level 5. HP: 14/42 MP: 6/6
  2596 | D:3      | Reached *** piety under Lugonu
  2656 | D:3      | Reached XP level 6. HP: 37/48 MP: 7/7
  2756 | D:3      | Found a glowing golden altar of the Shining One.
  2834 | D:3      | Found Vyiczaacw's Distillery.
  2841 | D:3      | Bought a potion of heal wounds for 55 gold pieces
  2841 | D:3      | Bought a potion of degeneration for 11 gold pieces
  2841 | D:3      | Bought a potion of curing for 33 gold pieces
  2841 | D:3      | Bought a potion of lignification for 33 gold pieces
  2841 | D:3      | Bought a potion of flight for 33 gold pieces
  4369 | D:4      | Reached XP level 7. HP: 21/54 MP: 9/9
  4394 | D:4      | HP: 1/55 [orc priest/divine providence (14)]
  4395 | D:4      | Killed from afar by an orc priest

Illustrated notes

Levels and vault maps discovered:
D:1:      saegor_arrival_under_anarchy, layout_basic,
          shapermc_ecumenical_altar_ellora, st_stairs_7, grunt_decor_fettered
D:2:      layout_rooms
D:3:      layout_basic, tso_metal_star, serial_shops, nicolae_shop_hallway_plus,
          uniq_natasha
D:4:      layout_loops_ring, ebering_dispersal_statue_hall, st_stairs_2

Skill      XL: |  1  2  3  4  5  6  7 |
---------------+----------------------+-----
Dodging        | 1 |  1.8
Shields        | 1 2 |  2.0
Stealth        | 1 2 |  2.1
Fighting       | 4 |  4.3
Crossbows      | 1 |  1.6
Evocations     | 1 |  1.6
Long Blades    | 3 4 |  4.0
Armour         | 3 |  3.3
Invocations    | 3 |  3.0

Action                   |  1- 3 |  4- 6 |  7- 9 || total
-------------------------+-------+-------+-------++-------
Melee: Falchion          |   101 |   199 |    17 ||   317
       Punch             |     2 |       |       ||     2
Invok: Depart the Abyss  |     1 |       |       ||     1
  Use: Scroll            |     9 |     6 |       ||    15
       Potion            |       |     1 |     3 ||     4
Armor: Leather armour    |    30 |     5 |       ||    35
       Ring mail         |       |    61 |     8 ||    69
Dodge: Dodged            |   107 |   136 |     4 ||   247
Block: Buckler           |       |       |     2 ||     2

Table legend: (Time is in decaauts)
 A = Elapsed time spent in this place.
 B = Non-inter-level travel time spent in this place.
 C = Inter-level travel time spent in this place.
 D = Time resting spent in this place.
 E = Time spent auto-exploring this place.
 F = Levels seen in this place.
 G = Mean time per level.
                   A        B        C        D        E       F      G
               +--------+--------+--------+--------+--------+-----+--------+
         Total |   4444 |   4366 |     78 |    425 |   3024 |   5 |  888.8 |
       Dungeon |   4444 |   4366 |     78 |    425 |   3024 |   4 | 1111.0 |
         Abyss |      0 |      0 |      0 |      0 |      0 |   1 |    0.0 |
               +--------+--------+--------+--------+--------+-----+--------+

Top non-repeatable levels by time:
     D:3: 1659 daAuts
     D:1: 1370 daAuts
     D:4: 796 daAuts
     D:2: 618 daAuts
